 Dungeon Crawl Stone Soup version 0.22-a0-407-gb098539 (webtiles) character file.

106 dstrtnsr the Chopper (level 4, -2/41 HPs)
             Began as a Hill Orc Berserker on May 9, 2018.
             Was a Believer of Trog.
             Slain by Grinder (8 damage)
             ... while paralysed by Grinder
             ... on level 3 of the Dungeon.
             The game lasted 00:01:38 (1479 turns).

dstrtnsr the Chopper (Hill Orc Berserker)           Turns: 1479, Time: 00:01:39

Health: -2/41      AC:  9    Str: 20    XL:     4   Next: 84%
Magic:  4/4        EV:  2    Int:  7    God:    Trog [**....]
Gold:   99         SH:  0    Dex: 10    Spells: 3/3 levels left

rFire    . . .     SeeInvis .   a - +0 hand axe
rCold    . . .     Gourm    .   (no shield)
rNeg     . . .     Faith    .   l - +0 chain mail
rPois    .         Spirit   .   c - +0 helmet
rElec    .         Reflect  .   (no cloak)
rCorr    .         Harm     .   (no gloves)
MR       .....                  (no boots)
Stlth    ..........             (no amulet)
HPRegen  0.13/turn              (no ring)
MPRegen  0.09/turn              (no ring)

@: paralysed, berserk cooldown, slowed
A: no striking features
a: Berserk, Trog's Hand, Renounce Religion


You were on level 3 of the Dungeon.
You worshipped Trog.
Trog was pleased with you.
You were hungry.

You visited 1 branch of the dungeon, and saw 3 of its levels.

You collected 99 gold pieces.

Inventory:

Hand Weapons
 a - a +0 hand axe (weapon)
Armour
 c - a +0 helmet (worn)
 l - a +0 chain mail (worn)
Scrolls
 d - 2 scrolls of remove curse {unknown}
 f - a scroll of noise {unknown}
 g - a scroll of blinking {unknown}
 h - a scroll of teleportation {!d}
 k - a scroll of immolation {unknown}
 m - a scroll of magic mapping {unknown}
Potions
 i - a potion of heal wounds {unknown}
 j - 2 potions of berserk rage {unknown}
 n - a potion of curing {unknown}
Comestibles
 b - 2 chunks of flesh
 e - 4 rations {!d}


   Skills:
 + Level 4.7 Fighting
 * Level 6.3 Axes
 - Level 2.1 Armour
 - Level 1.5 Dodging


You had 3 spell levels left.
You didn't know any spells.

Dungeon Overview and Level Annotations

Branches:
Dungeon (3/15)

Altars:
Elyvilon
Uskayaw
Wu Jian

Annotations:
D:3 Grinder


Message History

Found a falchion.
You see here a falchion.
A rat comes into view.
You closely miss the rat. The rat bites you but does no damage.
You barely miss the rat. The rat barely misses you.
You hit the rat.
You kill the rat!
Trog accepts your kill.
Found an ornate altar of the Wu Jian Council.
No target in view!
No target in view!
No target in view!
There is an ornate altar of the Wu Jian Council here.
Eating one of 3 chunks of flesh.
You eat one of the 3 chunks of flesh.
This raw flesh tastes terrible.
You see here a falchion.
There is a stone staircase leading up here.
Key pressed, stopping explore.
No target in view!
Found a leather armour.
No target in view!
e - 4 rations {!d} (gained 1) Key pressed, stopping explore.
No target in view!
Key pressed, stopping explore.
No target in view!
You see here a club.
There is a stone staircase leading up, spattered with blood here.
Key pressed, stopping explore.
Found a stone staircase leading down.
No target in view!
Key pressed, stopping explore.
No target in view!
There is a stone staircase leading down here.
Grinder comes into view.
Grinder drinks a potion.
Grinder seems to speed up.
A bat comes into view.
Grinder blinks!
The bat hits you but does no damage.
There are monsters nearby!
You completely miss the bat. The bat hits you but does no damage.
The bat hits you but does no damage.
Grinder blinks!
A red film seems to cover your vision as you go berserk!
You feel yourself moving faster!
You feel mighty!
You are feeling hungry.
The bat hits you.
You barely miss the bat. The bat barely misses you.
Grinder blinks!
You barely miss the bat. The bat closely misses you.
The bat hits you but does no damage. The bat barely misses you.
You slice the bat!!
You kill the bat!
Trog accepts your kill.
You barely miss Grinder. You completely miss Grinder.
Grinder barely misses you.
You closely miss Grinder. Grinder hits you.
You slice Grinder!!
Grinder is heavily wounded.
Grinder hits you but does no damage.
You closely miss Grinder.
Grinder is heavily wounded.
Grinder gestures at you. Pain shoots through your body!
You barely miss Grinder.
Grinder is heavily wounded.
Grinder blinks!
An adder comes into view.
The adder hisses angrily.
You see here a bat corpse.
You feel a strong urge to attack something.
Grinder gestures at you. Pain shoots through your body!
You are no longer berserk.
You are exhausted.
You feel yourself slow down. Grinder hits you but does no damage.
Grinder closely misses you. Grinder hits you.
You writhe in agony.
An ooze comes into view.
You closely miss Grinder.
Grinder is heavily wounded.
Your chain mail prevents you from hitting the adder.
Grinder hits you but does no damage. The adder closely misses you.
Grinder blinks!
The adder barely misses you.
Your chain mail prevents you from hitting the adder.
The adder bites you. Grinder gestures at you. Pain shoots through your body!
The adder barely misses you.
You closely miss the adder.
The adder bites you but does no damage. x2
You closely miss Grinder.
Grinder is heavily wounded.
You barely miss the adder. Grinder hits you.
You writhe in agony.
Grinder gestures at you.
You suddenly lose the ability to move!
The adder bites you. Grinder hits you.
* * * LOW HITPOINT WARNING * * *
You writhe in agony.
* * * LOW HITPOINT WARNING * * *
The adder bites you but does no damage. Grinder hits you.
* * * LOW HITPOINT WARNING * * *
The adder bites you but does no damage. The ooze hits you but does no damage.
Grinder hits you!
You die...

######### # ##..>....# #
#####...####.# # ####
##....###.###.### ##...#
#....# ##.##....
#.....##..#.# #.##..)÷
#.........#.## ##.##.#<#
.............###.....#.#
#.....@..†.....######)#
##.##J5S.#####.# #.#
##.#.# #.# #.# #.#.# #.#
#.# #.#.# #.# ##.# #...#
#.# ##... ....# #.#
#.#.. ##.## #.# ##.#.
##.#


You could see Grinder, an ooze and an adder.

Vanquished Creatures
  Terence (D:3)
  2 adders (D:2)
  A worm (D:2)
  2 dart slugs
  2 leopard geckos (D:1)
  An orc (D:3)
  6 bats
  A bat zombie (D:1)
  A giant cockroach (D:1)
  4 goblins
  6 hobgoblins
  6 jackals
  3 frilled lizards (D:1)
  A giant cockroach zombie (D:1)
  7 kobolds
  7 rats
51 creatures vanquished.

Vanquished Creatures (others)
  2 goblins (D:3)
2 creatures vanquished.

Grand Total: 53 creatures vanquished

Notes
Turn   | Place    | Note
-------+----------+-------------------------------------------
     0 | D:1      | dstrtnsr the Hill Orc Berserker began the quest for the Orb.
     0 | D:1      | Reached XP level 1. HP: 19/19 MP: 1/1
   137 | D:1      | Reached XP level 2. HP: 27/27 MP: 2/2
   345 | D:1      | Reached skill level 5 in Axes
   360 | D:1      | Reached XP level 3. HP: 29/33 MP: 3/3
   619 | D:2      | Reached ** piety under Trog
   663 | D:2      | Found a hide-covered altar of Uskayaw.
   950 | D:2      | Reached XP level 4. HP: 41/41 MP: 4/4
  1178 | D:3      | Noticed Terence
  1188 | D:3      | Killed Terence
  1188 | D:3      | Reached skill level 6 in Axes
  1280 | D:3      | Found a white marble altar of Elyvilon.
  1324 | D:3      | Found an ornate altar of the Wu Jian Council.
  1454 | D:3      | Noticed Grinder
  1477 | D:3      | HP: 16/41 [Grinder (4)]
  1477 | D:3      | Paralysed by Grinder for 6 turns
  1478 | D:3      | HP: 6/41 [Grinder (2)]
  1479 | D:3      | Slain by Grinder

Vault maps used:
D:1:      saegor_arrival_fortress
D:2:      nicolae_overflow_hidden_temple, eat_drink_and_be_merry_uskayaw,
          nicolae_gozag_seed_capital
D:3:      elyvilon_altar_4, marbit_many_paths, serial_bayou,
          serial_bayou_pond_b, serial_bayou_crossing, serial_bayou_pond_e,
          serial_bayou_pond_d, uniq_terence, uniq_grinder, uniq_robin

Skill      XL: |  1  2  3  4 |
---------------+-------------+-----
Fighting       | 4 |  4.7
Axes           | 5 6 |  6.3
Armour         | |  2.1
Dodging        | |  1.5

Action                   |  1- 3 |  4- 6 || total
-------------------------+-------+-------++-------
Melee: Hand axe          |   116 |    44 ||   160
Invok: Berserk           |     6 |     3 ||     9
  Use: Scroll            |     1 |       ||     1
  Eat: Chunk             |     5 |     5 ||    10
Armor: Animal skin       |    41 |       ||    41
       Chain mail        |     1 |    25 ||    26
Dodge: Dodged            |    82 |    20 ||   102

Table legend:
 A = Spawn XP
 B = Non-spawn XP
 C = Spawn XP percentage of total XP
 D = Spawn monster count
 E = Non-spawn monster count
 F = Spawn count percentage of total count
 G = Total turns spent on level
                    A         B        C        D         E        F      G
               +---------+---------+-------+---------+---------+-------+---------
         Total |       0 |     152 |   0.0 |       0 |      51 |   0.0 |  1479
               +---------+---------+-------+---------+---------+-------+---------
           D:1 |       0 |      51 |   0.0 |       0 |      28 |   0.0 |   611
           D:2 |       0 |      52 |   0.0 |       0 |      16 |   0.0 |   565
           D:3 |       0 |      49 |   0.0 |       0 |       7 |   0.0 |   303
               +---------+---------+-------+---------+---------+-------+---------
